 Dungeon Crawl Stone Soup version 0.24-a0-57-gac335f2 (webtiles) character file.

Game seed: 17659673484063813864

360 Kronk the Insei (level 6, -19/39 HPs)
             Began as an Octopode Transmuter on Feb 4, 2019.
             Demolished by Menkaure (27 damage)
             ... in an ossuary.
             The game lasted 00:16:06 (6412 turns).

Kronk the Insei (Octopode Transmuter)               Turns: 6412, Time: 00:16:07

Health: -19/39     AC:  1    Str:  7 (9)  XL:     6   Next: 65%
Magic:  11/11      EV: 13    Int: 14 (16) God:
Gold:   223        SH:  0    Dex: 11 (14) Spells: 6/12 levels left

rFire    . . .     SeeInvis .   q - +2 dagger (venom)
rCold    . . .     Gourm    .   (no shield)
rNeg     . . .     Faith    .   (helmet restricted)
rPois    .         Spirit   .   b - amulet of harm
rElec    .         Reflect  .   (no ring)
rCorr    .         Harm     +   (no ring)
MR       .....                  (no ring)
Stlth    +++.......             (no ring)
HPRegen  0.13/turn              (no ring)
MPRegen  0.12/turn              (no ring)
                                (no ring)
                                (no ring)

@: no status effects
A: almost no armour, stealthy swim, amphibious, 8 rings, constrict 8, camouflage
1, gelatinous body 1
a: no special abilities


You were in an ossuary.
You were not hungry.

You visited 1 branch of the dungeon, and saw 5 of its levels.
You also visited: Ossuary.

You collected 223 gold pieces.

Inventory:

Hand Weapons
 q - a +2 dagger of venom (weapon)
Missiles
 a - 66 arrows
 o - 7 tomahawks (quivered)
 u - 2 tomahawks of returning
Jewellery
 b - an amulet of harm (around mantle)
 v - the amulet of Discretion {rF+ Regen+ Dex+2 Stlth+, unknown}
   (You found it on level 4 of the Dungeon)

   [amulet of regeneration]

   It affects your dexterity (+2).
   It protects you from fire.
   It increases your rate of regeneration.
   It makes you more stealthy.
Wands
 t - a wand of flame (3)
Scrolls
 d - a scroll of random uselessness {unknown}
 f - 2 scrolls of amnesia {unknown}
 g - 4 scrolls of remove curse {unknown}
 i - a scroll of enchant weapon {unknown}
 j - 2 scrolls of fog {unknown}
 l - a scroll of noise {unknown}
 m - a scroll of immolation {unknown}
 n - 7 scrolls of teleportation {unknown}
 r - 5 scrolls of identify {unknown}
Potions
 p - a potion of berserk rage {unknown}
 s - a potion of flight {unknown}
Comestibles
 c - 5 rations


   Skills:
 + Level 1.8 Fighting
 - Level 2.1 Dodging
 - Level 1.3 Stealth
 * Level 4.6 Unarmed Combat
 + Level 3.6 Spellcasting
 + Level 3.3 Transmutations
 * Level 2.7 Poison Magic


You had 6 spell levels left.
You knew the following spells:

 Your Spells              Type           Power        Failure   Level  Hunger
a - Beastly Appendage     Tmut           ##....       5%          1    None
b - Sticks to Snakes      Tmut           ##......     8%          2    ##.....
c - Spider Form           Tmut/Pois      ##........   19%         3    ###....

Your spell library contained the following spells:

 Spells                   Type           Power        Failure   Level  Hunger
 Magic Dart               Conj           #...         21%         1    None
 Searing Ray              Conj           #.....       30%         2    ##.....
 Dazzling Spray           Conj/Hex       #.....       52%         3    ###....
 Ice Form                 Ice/Tmut       #.......     71%         4    ####...
 Blade Hands              Tmut           ##........   82%         5    ######.
 Force Lance              Conj/Tloc      #.......     90%         4    ####...
 Fulminant Prism          Conj/Hex       #.........   90%         4    ####...
 Iskenderun's Mystic Bla  Conj           #.......     90%         4    ####...


Dungeon Overview and Level Annotations

Branches:
Dungeon (5/15)
 Temple: D:4-7

Altars:
Gozag
Vehumet
Zin

Annotations:
D:3 exclusion: downstairs Ossuary Menkaure


Innate Abilities, Weirdness & Mutations

You cannot wear most types of armour.
You are very stealthy in the water. (Stealth+)
You are amphibious.
You can wear up to eight rings at the same time.
You can use your tentacles to constrict eight enemies at once.
Your skin changes colour to match your surroundings (Stealth+).
Your rubbery body absorbs attacks. (AC +1, EV +1)


Message History

Menkaure is moderately damaged.
The sentinel's mark upon you fades away.
Menkaure hits you.
* * * LOW HITPOINT WARNING * * *
Menkaure hits you.
* * * LOW HITPOINT WARNING * * *
It was a potion of degeneration.
There was something very wrong with that liquid.
You feel weakened.
You feel dopey.
You feel clumsy. Menkaure hits you but does no damage.
Evoke which item? (* to show all) (? for menu, Esc to quit)
Aiming: Throw Flame
Press: ? - help, Shift-Dir - straight line, f - Menkaure
Aim: Menkaure (moderately damaged, fast)
The puff of flame hits Menkaure!
Menkaure is burned terribly!
Menkaure is severely damaged.
You feel less wooden. Menkaure hits you!!
Ouch! That really hurt!
You die...

##..##..##....##..##
##..##..##..##^.##.^#
##..##..##..####^.##..
##..##..##..##??##..##.
##..##..##..##..?!##..##
##..##..##..## .?!.!##..#
##.^##..##..## .∩∩!..##..
##..##^.##..## .M?Z^.^##.
##..##..##.@## .!!^Z...##
##..##..##.M##############''#
##..##.^##........Z.M.M^...Z..
##.^##..#######################
##..##.^...^............^.......
##..#############################
#..................^.............
#################################


You could see Menkaure.

Vanquished Creatures
  A scorpion (D:5)
  An orc priest (D:3)
  An orc wizard (D:3)
  A worker ant (D:5)
  3 mummies (Ossuary)
  3 gnolls (D:4)
  4 adders
  A worm (D:3)
  2 dart slugs
  2 leopard geckos
  9 orcs
  4 giant cockroaches
  A gnoll zombie (Ossuary)
  6 hobgoblins
  11 jackals
  2 quokkas (D:2)
  7 bats
  3 frilled lizards
  6 gnoll skeletons (Ossuary)
  5 goblins
  5 goblin skeletons (Ossuary)
  3 goblin zombies (Ossuary)
  2 hobgoblin skeletons (Ossuary)
  6 hobgoblin zombies
  3 kobolds
  7 kobold skeletons (Ossuary)
  5 kobold zombies (Ossuary)
  2 leopard gecko skeletons (D:4)
  2 orc skeletons (Ossuary)
  5 orc zombies (Ossuary)
  8 rats
  A rat skeleton (Ossuary)
  7 rat zombies
129 creatures vanquished.

Vanquished Creatures (collateral kills)
  2 adders
  A leopard gecko (D:3)
  A goblin (D:2)
4 creatures vanquished.

Vanquished Creatures (others)
  A gnoll zombie (Ossuary)
  A kobold skeleton (Ossuary)
2 creatures vanquished.

Grand Total: 135 creatures vanquished

Notes
Turn   | Place    | Note
-------+----------+-------------------------------------------
     0 | D:1      | Kronk the Octopode Transmuter began the quest for the Orb.
     0 | D:1      | Reached XP level 1. HP: 13/13 MP: 3/3
   289 | D:1      | Reached skill level 1 in Stealth
   289 | D:1      | Reached XP level 2. HP: 18/18 MP: 3/5
   885 | D:1      | Learned a level 2 spell: Sticks to Snakes
   911 | D:2      | Reached XP level 3. HP: 17/23 MP: 1/6
  1022 | D:2      | Found a glowing silver altar of Zin.
  1329 | D:2      | Reached XP level 4. HP: 26/28 MP: 4/8
  1366 | D:2      | Learned a level 3 spell: Spider Form
  1463 | D:2      | Reached skill level 4 in Unarmed Combat
  1786 | D:3      | Reached skill level 1 in Poison Magic
  1996 | D:3      | Reached XP level 5. HP: 6/33 MP: 6/9
  3002 | D:3      | Found an opulent altar of Gozag.
  4301 | D:4      | Got a twitching steel amulet
  4405 | D:4      | Found a radiant altar of Vehumet.
  4878 | D:5      | Entered Level 5 of the Dungeon
  4957 | D:5      | Reached XP level 6. HP: 24/38 MP: 9/11
  5184 | D:5      | Found a sand-covered staircase.
  5339 | Ossuary  | Entered an ossuary
  6369 | Ossuary  | Noticed Menkaure
  6412 | Ossuary  | Demolished by Menkaure

Vault maps used:
D:1:      evilmike_arrival_crescent
D:2:      lemuel_crystal_altar, fountainhead
D:3:      nicolae_gozag_cash_rules_everything_around_me
D:4:      first_ration, vehumet_altar_wand_db
D:5:      enter_ossuary_3, serial_bayou_lagoon_a,
          chequers_serial_rivers_micro_b, minmay_crystal_water
Ossuary:  ossuary_due_pyramid

Skill      XL: |  1  2  3  4  5 |
---------------+----------------+-----
Stealth        | 1 |  1.3
Unarmed Combat | 4 |  4.6
Poison Magic   | 1 2 |  2.7
Spellcasting   | 3 |  3.6
Transmutations | 3 |  3.3
Fighting       | |  1.8
Dodging        | |  2.1

Action                   |  1- 3 |  4- 6 || total
-------------------------+-------+-------++-------
Melee: Unarmed           |    70 |    34 ||   104
       Kick              |    19 |    31 ||    50
       Constrict         |    20 |    64 ||    84
       Tentacles         |     9 |    35 ||    44
       Punch             |     1 |     4 ||     5
       Dagger            |       |   182 ||   182
Throw: Tomahawk          |       |     4 ||     4
 Cast: Beastly Appendage |    18 |    24 ||    42
       Sticks to Snakes  |     3 |     5 ||     8
       Spider Form       |       |     3 ||     3
Evoke: Wand              |       |     1 ||     1
  Use: Potion            |       |     5 ||     5
 Stab: Sleeping          |     8 |     8 ||    16
       Distracted        |       |     3 ||     3
  Eat: Chunk             |     2 |    11 ||    13
       Ration            |       |     2 ||     2
Armor: Skin              |     7 |    18 ||    25
Dodge: Dodged            |    55 |    83 ||   138

Table legend:
 A = Non-vault XP
 B = Vault XP
 C = Vault XP percentage of total XP
 D = Non-vault monster count
 E = Vault monster count
 F = Vault count percentage of total count
                 A         B        C        D         E       F
            +---------+---------+-------+---------+---------+-------
      Total |     413 |     102 |  19.8 |      79 |      49 |  38.3
            +---------+---------+-------+---------+---------+-------
        D:1 |      23 |       0 |   0.0 |      15 |       0 |   0.0
        D:2 |      81 |       0 |   0.0 |      21 |       0 |   0.0
        D:3 |     136 |       0 |   0.0 |      27 |       0 |   0.0
        D:4 |      72 |       1 |   1.4 |      11 |       1 |   8.3
        D:5 |     101 |       3 |   2.9 |       5 |       3 |  37.5
    Ossuary |       0 |      98 | 100.0 |       0 |      45 | 100.0
            +---------+---------+-------+---------+---------+-------
